 Dungeon Crawl Stone Soup version 0.18.1-48-g4cf74bf (webtiles) character file.

34 GameOver the Ruffian (level 3, -1/31 HPs)
             Began as a Naga Transmuter on Sept 11, 2016.
             Slain by a scorpion (8 damage)
             ... on level 4 of the Dungeon.
             The game lasted 00:05:32 (829 turns).

GameOver the Ruffian (Naga Transmuter)               Turns: 829, Time: 00:05:33

Health: -1/31      AC:  2    Str: 12    XL:     3   Next: 31%
Magic:  0/6        EV: 10    Int: 14    God:
Gold:   80         SH:  0    Dex: 11    Spells: 2 memorised, 3 levels left

rFire  . . .     SeeInvis +       - Unarmed
rCold  + . .     Gourm    .     b - +0 robe
rNeg   . . .     Faith    .     (no shield)
rPois  +         Spirit   .     (no helmet)
rElec  .         Dismiss  .     (no cloak)
rCorr  .         Reflect  .     (no gloves)
SustAt .         Harm     .     (no barding)
MR     .....                    (no amulet)
Stlth  ++........               (no ring)
                                i - ring of protection from cold

@: lethally poisoned (-1 -> -7), very slightly contaminated, hasted, quick, not
resistant to hostile enchantments, unstealthy
A: see invisible, deformed body, poison resistance, slowness 2, slow metabolism
1, spit poison 2, AC +1
a: Spit Poison


You were on level 4 of the Dungeon.
You were not hungry.

You visited 1 branch of the dungeon, and saw 3 of its levels.

You collected 80 gold pieces.

Inventory:

Hand Weapons
 w - a +0 dagger
Missiles
 a - 35 arrows
 k - a throwing net (quivered)
Armour
 b - a +0 robe (worn)
 o - the +1 helmet of Impressiveness {rElec rPois rCorr Stlth-, unknown}
   (You found it on level 4 of the Dungeon)

   It insulates you from electricity.
   It protects you from poison.
   It protects you from acid and corrosion.
   It makes you less stealthy.
Jewellery
 i - a ring of protection from cold (left hand)
Scrolls
 g - a scroll of noise {unknown}
 n - a scroll of identify {unknown}
Potions
 e - a potion of haste
 j - a potion of heal wounds {unknown}
 l - a potion of ambrosia {unknown}
 m - a potion of lignification {unknown}
Books
 c - a book of Changes

   Spells                             Type                      Level
   a - Beastly Appendage              Transmutation                1
   b - Sticks to Snakes               Transmutation                2
   c - Spider Form                    Transmutation/Poison         3
   d - Ice Form                       Ice/Transmutation            4
   e - Blade Hands                    Transmutation                5
Comestibles
 d - a bread ration
 f - a meat ration
 h - 3 fruits
 p - a chunk of flesh


   Skills:
 - Level 1.0 Fighting
 - Level 1.5 Dodging
 - Level 3.0 Stealth
 - Level 3.0 Unarmed Combat
 - Level 2.0 Spellcasting
 + Level 3.0 Transmutations


You had 3 spell levels left.
You knew the following spells:

 Your Spells              Type           Power        Failure   Level  Hunger
a - Beastly Appendage     Trmt           #.....       10%         1    ##.....
b - Sticks to Snakes      Trmt           #.......     12%         2    ###....


Dungeon Overview and Level Annotations

Branches:
Dungeon (2/15)

Altars:

Portals:
Ossuary: D:4

Annotations:
D:4 Robin


Innate Abilities, Weirdness & Mutations

You cannot wear boots.
Your serpentine skin is tough (AC +1).
You have supernaturally acute eyesight.
Armour fits poorly on your strangely shaped body.
Your system is resistant to poisons.
You cover ground very slowly.
You have a slow metabolism.
You can spit poison.


Message History

Casting: Sticks to Snakes
Confirm with . or Enter, or press ? or * to list all spells.
You miscast Sticks to Snakes.
Your skin glows momentarily.
Your ball python barely misses the scorpion.
Your ball python closely misses the scorpion.
The scorpion completely misses you.
Your ball python closely misses the scorpion.
Your ball python grabs the scorpion.
Your ball python constricts the scorpion.
You barely miss the scorpion. The scorpion stings you.
* * * LOW HITPOINT WARNING * * *
You are poisoned.
The scorpion poisons you!
Your ball python bites the scorpion.
Your ball python constricts the scorpion.
Unknown command.
Drink which item? (? for menu, Esc to quit)
It was a potion of haste.
You feel yourself speed up.
You have got your breath back.
You feel sick. The scorpion stings you!
You die...

#.............
#...$.........
#.............
#..........?...
#.<............
#.........)....
#..............
#.....s/.......
####.....@S.......
...####+#.........
.....[..#.$.......
..................
........∩....[...
.##.............
##...#......>##
#....#.......#
#....#.......#


You could see a scorpion and a friendly ball python.

Vanquished Creatures
  An adder skeleton (D:4)
  A dart slug (D:1)
  2 giant geckos
  3 giant cockroaches (D:1)
  2 hobgoblins (D:1)
  A ball python (D:1)
  2 bats (D:1)
  A giant newt (D:1)
  10 goblins
  2 rats (D:1)
25 creatures vanquished.

Notes
Turn   | Place    | Note
--------------------------------------------------------------
     0 | D:1      | GameOver the Naga Transmuter began the quest for the Orb.
     0 | D:1      | Reached XP level 1. HP: 18/18 MP: 3/3
     0 | D:1      | Noticed a merfolk zombie
     5 | D:1      | Noticed a merfolk zombie
     7 | D:1      | Noticed a merfolk zombie
    10 | D:1      | Noticed a merfolk zombie
    12 | D:1      | Noticed a minotaur zombie
   128 | D:1      | Reached skill level 1 in Stealth
   190 | D:1      | Reached XP level 2. HP: 25/25 MP: 5/5
   712 | D:2      | You fall through a shaft for 2 floors!
   739 | D:4      | Reached XP level 3. HP: 20/31 MP: 4/6
   743 | D:4      | Learned a level 2 spell: Sticks to Snakes
   746 | D:4      | Noticed Robin
   748 | D:4      | Got a distressingly furry helmet
   810 | D:4      | Found a sand-covered staircase.
   819 | D:4      | Noticed a scorpion
   829 | D:4      | Slain by a scorpion

Skill      XL: |  1  2  3 |
---------------+----------+-----
Stealth        | 2 3 |  3.0
Transmutations | 3 |  3.0
Fighting       | |  1.0
Dodging        | |  1.5
Unarmed Combat | |  3.0
Spellcasting   | |  2.0

Action                   || total
-------------------------++-------
Melee: Unarmed           ||    27
       Headbutt          ||     2
 Cast: Beastly Appendage ||     4
       Sticks to Snakes  ||     1
 Abil: Spit Poison       ||    25
  Use: Potion            ||     1
  Eat: Chunk             ||     1
Armor: Robe              ||     4
Dodge: Dodged            ||    21
